AoeStats
← dr. phil.

Arabia

509120892Analyzed
2v2 RM · 5d ago on Sep 25, 2026· 49m 23s· 4 players
Game mode
Random Map
Map size
Medium (4 player)
Population
200
Speed
Normal
Resources
Standard
Victory
Conquest
Starting age
Dark Age
Ending age
Imperial Age
RankedLock teamsTeams togetherTeam positionsShared explorationLock speedFull tech treeHidden civsTurbo modeCheats
Victory
Defeat
🇫🇷 Danes · France
1214
+15
🇫🇷 Wei · France
1186
+16
🇩🇪 Britons · Germany
1192
-15
🇮🇪 Varangians · Ireland
1191
-16
Tatu enjoyer
0:33 Loom
9:32 Feudal Age
10:56 Double-Bit Axe
12:27 Loom
14:48 Bloodlines
16:53 Horse Collar
17:58 Scale Mail Armor
22:17 Castle Age
20:31 Stone Mining
22:00 Forging
23:54 Bow Saw
23:48 Husbandry
24:40 Chain Mail Armor
26:06 Gold Mining
31:06 Scale Barding Armor
dr. phil.
10:25 Feudal Age
8:43 Loom
10:29 Feudal Age
11:30 Double-Bit Axe
14:33 Fletching
15:01 Gold Mining
16:33 Town Watch
16:51 Padded Archer Armor
21:16 Horse Collar
25:01 Castle Age
25:07 Crossbowman
25:43 Bodkin Arrow
26:04 Leather Archer Armor
30:41 Ballistics
31:22 Bow Saw
38:26 Imperial Age
36:35 Wheelbarrow
38:30 Arbalester
39:15 Bracer
41:15 Chemistry
48:03 Elite Skirmisher
49:15 Ring Archer Armor
Miel
6:20 Loom
9:31 Feudal Age
10:12 Double-Bit Axe
10:29 Horse Collar
17:38 Gold Mining
20:43 Castle Age
19:32 Fletching
20:25 Bloodlines
21:48 Bow Saw
21:45 Bodkin Arrow
21:51 Padded Archer Armor
21:55 Husbandry
23:04 Ballistics
27:14 Thumb Ring
27:46 Leather Archer Armor
38:31 Imperial Age
36:19 Scale Barding Armor
37:54 Gold Shaft Mining
37:10 Stone Mining
38:06 Chain Barding Armor
37:57 Forging
39:43 Conscription
42:08 Iron Casting
43:49 Tuntian
44:33 Heavy Plow
45:10 Wheelbarrow
44:20 Town Watch
46:53 Blast Furnace
46:08 Elite Tiger Cavalry
Don Salluste
10:56 Feudal Age
10:05 Loom
12:17 Double-Bit Axe
12:15 Horse Collar
16:27 Man-at-Arms
17:57 Scale Mail Armor
21:50 Fletching
24:42 Castle Age
23:17 Padded Archer Armor
25:09 Gold Mining
25:28 Squires
25:46 Chain Mail Armor
25:44 Bow Saw
25:38 Heavy Plow
25:41 Gambesons
31:25 Elite Skirmisher
33:36 Bodkin Arrow
35:11 Wheelbarrow
35:17 Leather Archer Armor
39:10 Thumb Ring
40:17 Ballistics
44:06 Hand Cart
44:16 Masonry
Connection lost

Rejoining the realm…

Still unreachable

The connection could not be restored.

Session expired

The server has moved on; the page needs a fresh start.